 Dungeon Crawl Stone Soup version 0.21-a0-582-g1b93aee (webtiles) character file.

43 sithsevirus the Sneak (level 3, 0/14 HPs)
             Began as a Felid Air Elementalist on Dec 19, 2017.
             Was an Initiate of Dithmenos.
             Succumbed to a worker ant's poison
             ... on level 4 of the Dungeon.
             The game lasted 00:19:35 (5707 turns).

sithsevirus the Sneak (Felid Air Elementalist)      Turns: 5707, Time: 00:19:35

Health: 0/14       AC:  1    Str:  6    XL:     3   Next: 37%
Magic:  1/6        EV: 19    Int: 17    God:    Dithmenos [......]
Gold:   223        SH:  0    Dex: 16    Spells: 5/6 levels left
                                        Lives:  0   Deaths: 1

rFire    . . .     SeeInvis +   (weapon unavailable)
rCold    . . .     Gourm    .   (shield unavailable)
rNeg     . . .     Faith    .   (armour unavailable)
rPois    .         Spirit   .   (helmet unavailable)
rElec    .         Reflect  .   (cloak unavailable)
rCorr    .         Harm     .   (gloves unavailable)
MR       .....     Rnd*Tele +   (boots unavailable)
Stlth    +++.......             (no amulet)
HPRegen  0.04/turn              (no ring)
MPRegen  0.10/turn              (no ring)

@: lethally poisoned (0 -> -11), quick
A: very small, no armour, no weapons or thrown items, stealth, claws 1, fangs 3,
see invisible, carnivore, speed 1, low mp 1, shaggy fur 1, slow metabolism 1,
strong 1, teleportitis 1, sharp paws
a: Renounce Religion


You were on level 4 of the Dungeon.
You worshipped Dithmenos.
Dithmenos was noncommittal.
You were full.

You visited 1 branch of the dungeon, and saw 4 of its levels.

You collected 223 gold pieces.

Inventory:

Scrolls
 d - 4 scrolls of identify
 e - 2 scrolls of amnesia
 f - a scroll of remove curse {unknown}
 i - a scroll of teleportation {unknown}
 j - 2 scrolls of random uselessness {unknown}
 k - a scroll of magic mapping {unknown}
Books
 a - a book of Air

   Spells                             Type                      Level
   a - Shock                          Conjuration/Air              1
   b - Swiftness                      Charms/Air                   2
   c - Static Discharge               Conjuration/Air              3
   d - Airstrike                      Air                          4
   e - Lightning Bolt                 Conjuration/Air              5
Comestibles
 b - 9 rations


   Skills:
 + Level 3.8 Dodging
 + Level 4.0 Stealth
 - Level 2.0 Spellcasting
 + Level 2.0 Conjurations
 + Level 3.3 Air Magic


You had 5 spell levels left.
You knew the following spells:

 Your Spells              Type           Power        Failure   Level  Hunger
a - Shock                 Conj/Air       ##..         6%          1    #......


Dungeon Overview and Level Annotations

Branches:
Dungeon (4/15)
 Temple: D:4-7

Altars:
Ashenzari
Dithmenos
Makhleb
Okawaru


Innate Abilities, Weirdness & Mutations

You cannot wear armour.
You are incapable of wielding weapons or throwing items.
Your paws allow you to move quietly. (Stealth)
You have sharp claws.
You have razor-sharp teeth.
You have supernaturally acute eyesight. (SInv)
You are carnivorous and can eat meat at any time.
You cover ground quickly.
You are covered in fur. (AC +1)
You have a slow metabolism.
Your sharp claws are effective at attacking unaware monsters.
Your magical capacity is low. (-10% MP)
Your muscles are strong. (Str +2)
You are occasionally teleported next to monsters.


Message History

The zap hits the worker ant.
The worker ant is heavily wounded.
The worker ant bites you!
Ouch! That really hurt!
You are lethally poisoned!
The worker ant poisons you! The worker ant bites you.
* * * LOW HITPOINT WARNING * * *
* * * LOW HITPOINT WARNING * * *
You feel sick.
* * * LOW HITPOINT WARNING * * *
You feel sick.
You aren't carrying any potions.
As you read the scroll labeled QIUMAIXKEZ, it crumbles to dust.
It is a scroll of identify.
e - 2 scrolls of amnesia The worker ant closely misses you.
* * * LOW HITPOINT WARNING * * *
You feel sick.
* * * LOW HITPOINT WARNING * * *
You feel sick.
You die...

##########.
#..........
#.#########
#.# #.# #a#
#.# #@# #.#
#.# #.# #.#
#.# ###
#.######.##
#.........#
########.##


You could see a worker ant.

Vanquished Creatures
  3 adders
  2 worms (D:3)
  2 dart slugs
  A leopard gecko (D:3)
  An orc (D:4)
  6 bats
  3 giant cockroaches (D:1)
  5 hobgoblins
  2 jackals (D:1)
  A quokka (D:3)
  7 frilled lizards
  6 goblins
  9 kobolds
  5 rats
53 creatures vanquished.

Notes
Turn   | Place    | Note
-------+----------+-------------------------------------------
     0 | D:1      | sithsevirus the Felid Air Elementalist began the quest for the Orb.
     0 | D:1      | Reached XP level 1. HP: 7/7 MP: 4/4
   129 | D:1      | Reached skill level 1 in Conjurations
   363 | D:1      | Reached skill level 3 in Stealth
   457 | D:1      | Reached XP level 2. HP: 7/11 MP: 0/6
  1958 | D:2      | Reached XP level 3. HP: 14/14 MP: 0/7
  2117 | D:2      | Found a shadowy altar of Dithmenos.
  2117 | D:2      | Found a shattered altar of Ashenzari.
  2846 | D:2      | Noticed a sky beast
  2897 | D:2      | Became a worshipper of Dithmenos the Shadowed
  4014 | D:3      | Reached XP level 4. HP: 18/18 MP: 2/8
  4072 | D:3      | Found an iron altar of Okawaru.
  4472 | D:3      | Reached skill level 4 in Stealth
  5303 | D:3      | Gained mutation: You are occasionally teleported next to monsters. [potion of mutation]
  5303 | D:3      | Gained mutation: Your magical capacity is low. (-10% MP) [potion of mutation]
  5303 | D:3      | Gained mutation: Your muscles are strong. (Str +2) [potion of mutation]
  5433 | D:4      | Found a burning altar of Makhleb.
  5434 | D:4      | Succumbed to a worker ant's poison
  5435 | D:4      | Reached XP level 3. HP: 0/14 MP: 2/6
  5707 | D:4      | Succumbed to a worker ant's poison

Vault maps used:
D:1:      grunt_arrival_crossed_arrows
D:2:      chequers_temple_overflow_statue_of_worship, first_ration,
          st_stairs_14, minmay_shallow_snake_nest
D:3:      okawaru_ov_weapons_minmay
D:4:      lemuel_doored_altar, bloody_makhleb, minmay_temple_entry_hall,
          serial_shops, kennysheep_mini

Skill      XL: |  1  2  3  4 |
---------------+-------------+-----
Conjurations   | 1 2 |  2.0
Stealth        | 3 4 |  4.0
Dodging        | 3 |  3.8
Air Magic      | 3 |  3.3
Spellcasting   | |  2.0

Action                   |  1- 3 |  4- 6 || total
-------------------------+-------+-------++-------
Melee: Unarmed           |    14 |    13 ||    27
       Bite              |     1 |     3 ||     4
 Cast: Shock             |   128 |    43 ||   171
  Use: Potion            |     2 |     3 ||     5
       Scroll            |     1 |       ||     1
  Eat: Chunk             |    18 |     2 ||    20
Armor: Skin              |     2 |       ||     2
Dodge: Dodged            |    65 |    27 ||    92

Table legend:
 A = Spawn XP
 B = Non-spawn XP
 C = Spawn XP percentage of total XP
 D = Spawn monster count
 E = Non-spawn monster count
 F = Spawn count percentage of total count
 G = Total turns spent on level
                    A         B        C        D         E        F      G
               +---------+---------+-------+---------+---------+-------+---------
         Total |       0 |     133 |   0.0 |       0 |      53 |   0.0 |  5707
               +---------+---------+-------+---------+---------+-------+---------
           D:1 |       0 |      36 |   0.0 |       0 |      22 |   0.0 |  1945
           D:2 |       0 |      43 |   0.0 |       0 |      12 |   0.0 |  1467
           D:3 |       0 |      51 |   0.0 |       0 |      18 |   0.0 |  1985
           D:4 |       0 |       3 |   0.0 |       0 |       1 |   0.0 |   310
               +---------+---------+-------+---------+---------+-------+---------
